 Dungeon Crawl Stone Soup version 0.30.0-18-gc0e69614cb (webtiles) character file.

Game seed: 2932778922485320886

247 Atelerd the Sneak (level 6, 0/38 HPs)
             Began as an Octopode Earth Elementalist on May 23, 2023.
             Slain by a jelly (3 damage)
             ... on level 4 of the Dungeon.
             The game lasted 00:03:35 (2984 turns).

Atelerd the Sneak (Octopode Earth Elementalist)     Turns: 2984, Time: 00:03:35

Health: 0/38       AC:  1    Str:  8    XL:     6   Next: 11%
Magic:  0/10       EV: 13    Int: 19    God:
Gold:   150        SH:  0    Dex: 12    Spells: 5/10 levels left

rFire   . . .        j - staff of earth
rCold   . . .        (no shield)
rNeg    . . .        (helmet restricted)
rPois   .            (no amulet)
rElec   .            (no ring)
rCorr   .            (no ring)
SInv    .            (no ring)
Will    .....        (no ring)
Stlth   +++          (no ring)
HPRegen 0.26/turn    (no ring)
MPRegen 0.12/turn    (no ring)
                     (no ring)

%: no passive effects
@: no status effects
A: almost no armour, amphibious, 8 rings, camouflage 1, gelatinous body 1,
(nimble swimmer 1), tentacles
a: no special abilities


You were on level 4 of the Dungeon.
You visited 1 branch of the dungeon, and saw 4 of its levels.

You collected 150 gold pieces.

Inventory:

Hand Weapons
 d - a +0 short sword of freezing
Magical Staves
 j - a staff of earth (weapon)
Jewellery
 b - an amulet of reflection
Scrolls
 e - 2 scrolls of enchant armour {unknown}
 f - a scroll of torment {unknown}
 g - 2 scrolls of teleportation {unknown}
 h - a scroll of fear {unknown}
 k - 4 scrolls of amnesia {unknown}
 l - a scroll of blinking {unknown}
 n - a scroll of identify {unknown}
Potions
 a - a potion of magic
 c - 2 potions of haste
 i - a potion of lignification {unknown}


   Skills:
 - Level 1.0 Fighting
 - Level 1.0 Short Blades
 + Level 3.0 Dodging
 + Level 4.3 Stealth
 + Level 2.9 Spellcasting
 + Level 2.6 Transmutations
 + Level 4.1 Earth Magic


You had 5 spell levels left.
You knew the following spells:

 Your Spells              Type           Power      Damage    Failure   Level
a - Sandblast             Erth           54%        2d13      2%          1
p - Petrify               Tmut/Erth      23%        N/A       36%         4

Your spell library contained the following spells:

 Spells                   Type           Power      Damage    Failure   Level
 Passwall                 Tmut/Erth      19%        N/A       6%          2
 Stone Arrow              Conj/Erth      30%        3d8       21%         3
 Frozen Ramparts          Ice            4%         1d1       43%         3
 Ice Form                 Ice/Tmut       7%         N/A       65%         4
 Summon Ice Beast         Ice/Summ       2%         N/A       83%         4


Dungeon Overview and Level Annotations

Branches:
Dungeon (4/15)
 Temple: D:4-7

Altars:
Hepliaklqana

Annotations:
D:2 exclusion: 2 downstairs


Innate Abilities, Weirdness & Mutations

You cannot wear most types of armour.
You are amphibious.
You can wear up to eight rings at the same time.
Your skin changes colour to match your surroundings (Stealth+).
Your rubbery body absorbs attacks. (AC +1, EV +1)
((You are camouflaged when in or above water. (Stealth+)))
You have tentacles for arms and can constrict up to eight enemies at once.


Message History

The hound is severely wounded.
Casting: Sandblast (safe; 3% risk of failure)
Confirm with . or Enter, or press ? or * to list all spells.
Aiming: Sandblast (safe; 3% risk of failure)
Press: ? - help, Shift-Dir - straight line, f - iguana, p - hound
Aim: an iguana (85% to hit)
You feel a surge of power!
The blast of sand hits the iguana but does no damage.
The hound closely misses you.
The hound bites you. x2; The iguana bites you.
Unknown command.
You feel a surge of power!
The blast of sand hits the hound!
You kill the hound!
The jelly quivers.
The iguana bites you!
Your Dodging skill increases to level 3!
You have reached level 6!
Casting: Sandblast (safe; 2% risk of failure)
Confirm with . or Enter, or press ? or * to list all spells.
Aiming: Sandblast (safe; 2% risk of failure)
Press: ? - help, Shift-Dir - straight line, f - iguana
Aim: an iguana (85% to hit)
You feel a surge of power!
The blast of sand hits the iguana!
The iguana is severely wounded.
The iguana closely misses you. The iguana bites you!
* * * LOW HITPOINT WARNING * * *
Unknown command.
It was a potion of cancellation.
You feel magically purged. The iguana closely misses you.
It was a potion of curing.
You feel better. The iguana closely misses you.
Casting: Sandblast (safe; 2% risk of failure)
Confirm with . or Enter, or press ? or * to list all spells.
Aiming: Sandblast (safe; 2% risk of failure)
Press: ? - help, Shift-Dir - straight line, f/p - iguana
Aim: an iguana (severely wounded, 85% to hit)
You feel a surge of power!
The blast of sand hits the iguana.
The iguana is almost dead.
The iguana bites you!
* * * LOW HITPOINT WARNING * * *
The jelly hits you.
You die...

.. .# ..# .#...#.
.♣.♣.. .........K..
..♣P ♣#♣.♣.♣..... .
.♣..P♣♣............#
.P.....<♣.♣.#.... .#
♣♣♣♣♣♣♣.@...##.....#
♣...lJ...#..#..
#........###..##
#............<..#
...............$.....#
##..........P..P......
#............PP......
#...........P♣♣P.....
....P.♣


PPP... You could see an iguana and a jelly.

Vanquished Creatures
  A scorpion (D:3)
  A hound (D:4)
  An orc wizard (D:3)
  4 gnolls (D:3)
  An adder (D:3)
  3 worms
  A dart slug (D:2)
  4 orcs (D:3)
  6 ball pythons
  4 endoplasms
  3 giant cockroaches (D:1)
  8 goblins
  6 hobgoblins
  3 jackals (D:2)
  3 quokkas
  7 bats
  6 frilled lizards
  3 kobolds
  5 rats
70 creatures vanquished.

Notes
Turn   | Place    | Note
-------+----------+-------------------------------------------
     0 | D:1      | Atelerd the Octopode Earth Elementalist began the quest for
                  | the Orb.
     0 | D:1      | Reached XP level 1. HP: 11/11 MP: 3/3
   217 | D:1      | Reached XP level 2. HP: 17/17 MP: 3/5
   760 | D:1      | Reached skill level 1 in Fighting
   937 | D:2      | Reached XP level 3. HP: 23/23 MP: 3/6
  1016 | D:2      | Found a hazy altar of Hepliaklqana.
  1151 | D:2      | Identified the +1 sling of the Solstice {heavy, Drain rElec
                  | rPois rN++}
  1971 | D:3      | Noticed a scorpion
  1979 | D:3      | Killed a scorpion
  1980 | D:3      | Reached skill level 1 in Short Blades
  1980 | D:3      | Reached XP level 4. HP: 14/28 MP: 3/7
  2007 | D:3      | Noticed a black bear
  2029 | D:3      | Reached XP level 5. HP: 16/33 MP: 6/8
  2142 | D:3      | Learned a level 4 spell: Petrify
  2981 | D:4      | Reached XP level 6. HP: 15/38 MP: 1/10
  2984 | D:4      | Slain by a jelly

Illustrated notes

Levels and vault maps discovered:
D:1:      dpeg_arrival_round_b, layout_loops_ring, minmay_misc_feat_ornament,
          hangedman_decor_clover_reticule
D:2:      layout_basic, basic_altar, serial_bayou_pond_e
D:3:      layout_loops_ring
D:4:      layout_cave_pools, serial_forest, infiniplex_forest_straight_4,
          infiniplex_forest_clump_cross, infiniplex_forest_lined_1,
          infiniplex_forest_lined_corner, infiniplex_forest_end_double,
          infiniplex_forest_lined_3, infiniplex_forest_lined_1,
          infiniplex_forest_end_1, infiniplex_forest_lined_2,
          ebering_ghost_gozag

Skill      XL: |  1  2  3  4  5 |
---------------+----------------+-----
Fighting       | 1 |  1.0
Stealth        | 3 4 |  4.3
Short Blades   | 1 |  1.0
Transmutations | 2 |  2.6
Earth Magic    | 4 |  4.1
Dodging        | 3 |  3.0
Spellcasting   | |  2.9

Action                     |  1- 3 |  4- 6 || total
---------------------------+-------+-------++-------
  Melee: Short sword       |    25 |     8 ||    33
         Constrict         |     6 |     2 ||     8
         Tentacles         |     4 |     1 ||     5
         Punch             |     1 |       ||     1
         Staff             |       |     1 ||     1
   Cast: Sandblast         |    42 |    40 ||    82
         Petrify           |       |     2 ||     2
    Use: Potion            |       |     3 ||     3
   Stab: Sleeping          |     6 |     1 ||     7
 Armour: Skin              |     6 |     1 ||     7
  Dodge: Dodged            |    25 |    23 ||    48
